AoeStats
← kkkg

Arena

505414579Analyzed
1v1 RM · 23d ago on Sep 9, 2026· 37m 11s· 2 players
Game mode
Random Map
Map size
Tiny (2 player)
Population
200
Speed
Normal
Resources
Standard
Victory
Conquest
Starting age
Dark Age
Ending age
Imperial Age
RankedLock teamsTeams togetherTeam positionsShared explorationLock speedFull tech treeHidden civsTurbo modeCheats
Victory
Defeat
🇨🇳 Persians · China
967
+15
🇨🇳 Bulgarians · China
947
-15
kkkg
10:35 Feudal Age
11:51 Double-Bit Axe
14:45 Castle Age
12:59 Horse Collar
20:56 Stone Mining
24:19 Masonry
26:59 Fletching
28:37 Wheelbarrow
30:07 Bodkin Arrow
31:39 Hand Cart
34:05 Imperial Age
32:06 Bodkin Arrow
32:15 Gold Mining
33:01 Stone Shaft Mining
33:44 Forging
33:39 Scale Mail Armor
34:29 Gold Shaft Mining
35:22 Gambesons
35:38 Squires
36:04 Bracer
逆天
10:43 Feudal Age
10:06 Loom
14:21 Castle Age
13:20 Double-Bit Axe
13:32 Horse Collar
19:22 Gold Mining
21:25 Wheelbarrow
23:14 Wheelbarrow
22:24 Loom
22:55 Bow Saw
24:17 Forging
24:14 Scale Barding Armor
25:38 Bloodlines
28:28 Iron Casting
32:55 Imperial Age
31:44 Hand Cart
33:19 Town Watch
34:49 Husbandry
34:10 Cavalier
35:58 Conscription
35:35 Elite War Elephant
37:13 Ballistics
Connection lost

Rejoining the realm…

Still unreachable

The connection could not be restored.

Session expired

The server has moved on; the page needs a fresh start.